 Dungeon Crawl Stone Soup version 0.29.1-12-g30fa7ad0bf (webtiles) character file.

Game seed: 4273751373215373308

212 melloss the Sneak (level 5, -6/24 HPs)
             Began as a Spriggan Enchanter on Dec 23, 2022.
             Killed from afar by an orc wizard (7 damage)
             ... with a magic dart
             ... on level 4 of the Dungeon.
             The game lasted 00:12:01 (4256 turns).

melloss the Sneak (Spriggan Enchanter)              Turns: 4256, Time: 00:12:02

Health: -6/24      AC:  2    Str:  4    XL:     5   Next: 58%
Magic:  1/10       EV: 19    Int: 16    God:
Gold:   147        SH:  0    Dex: 18    Spells: 7/9 levels left

rFire   . . .      SeeInvis +   n - +2 short sword (protect)
rCold   . . .      Faith    .   (no shield)
rNeg    . . .      Spirit   .   b - +0 robe
rPois   .          Reflect  .   (helmet restricted)
rElec   .          Harm     .   (no cloak)
rCorr   .          Rampage  .   (gloves unavailable)
Will    .....                   (boots unavailable)
Stlth   ++++......              (no amulet)
HPRegen 0.08/turn               (no ring)
MPRegen 0.12/turn               (no ring)

@: very quick
A: very small, no large weapons, unfitting armour, see invisible, speed 3
a: no special abilities


You were on level 4 of the Dungeon.
You visited 1 branch of the dungeon, and saw 4 of its levels.

You collected 147 gold pieces.

Inventory:

Hand Weapons
 a - a +1 dagger
 h - a +0 spear of pain
 n - a +2 short sword of protection (weapon)
Missiles
 t - 3 poisoned darts (quivered)
Armour
 b - a +0 robe (worn)
Scrolls
 d - 2 scrolls of fog {unknown}
 e - 7 scrolls of identify {unknown}
 k - a scroll of teleportation {unknown}
 l - a scroll of torment {unknown}
 p - a scroll of fear {unknown}
 q - a scroll of enchant weapon {unknown}
 s - 2 scrolls of vulnerability {unknown}
 u - a scroll of noise {unknown}
 v - a scroll of amnesia {unknown}
Potions
 c - 5 potions of invisibility
 f - a potion of mutation {unknown}
 g - 2 potions of flight {unknown}
 i - 2 potions of brilliance {unknown}
 j - 2 potions of attraction {unknown}
 m - 2 potions of magic {unknown}
 o - 2 potions of degeneration {unknown}
 r - 5 potions of curing {unknown}


   Skills:
 - Level 1.1 Short Blades
 - Level 1.2 Polearms
 - Level 5.0 Dodging
 + Level 7.0 Stealth
 - Level 2.6 Spellcasting
 - Level 3.6 Hexes
 - Level 1.5 Necromancy


You had 7 spell levels left.
You knew the following spells:

 Your Spells              Type           Power      Damage    Failure   Level
a - Ensorcelled Hibernat  Hex/Ice        14%        N/A       14%         2

Your spell library contained the following spells:

 Spells                   Type           Power      Damage    Failure   Level
 Confusing Touch          Hex            13%        N/A       13%         3
 Tukima's Dance           Hex            13%        N/A       13%         3
 Beastly Appendage        Tmut           4%         N/A       19%         1
 Wereblood                Tmut           2%         N/A       28%         2
 Dazzling Flash           Conj/Hex       14%        N/A       28%         3
 Spider Form              Tmut/Pois      2%         N/A       50%         3


Dungeon Overview and Level Annotations

Branches:
Dungeon (4/15)
 Temple: D:4-7

Altars:


Innate Abilities, Weirdness & Mutations

You are very small and have problems with some larger weapons.
You are too small for most types of armour.
You have supernaturally acute eyesight. (SInv)
You cover ground extremely quickly. (Speed+++)


Message History

Your magical contamination has completely faded away.
You feel less confused.
Found 8 gold pieces.
You start resting.
An orc wizard is nearby!
A worm comes into view.
You see here 8 gold pieces.
You open the door.
There is an open door here.
You close the door.
You start resting.
An orc wizard opens the door.
It is wielding a +0 dagger.
There is an open door here.
Casting: Ensorcelled Hibernation (safe; 14% risk of failure)
Confirm with . or Enter, or press ? or * to list all spells.
Aiming: Ensorcelled Hibernation (safe; 14% risk of failure)
Press: ? - help, Shift-Dir - straight line, f/p - orc wizard
Aim: an orc wizard, wielding a +0 dagger and wearing a +0 robe (chance to affect: 40%)
The orc wizard resists with some effort.
The orc wizard barely misses you.
Casting: Ensorcelled Hibernation (safe; 14% risk of failure)
Confirm with . or Enter, or press ? or * to list all spells.
Aiming: Ensorcelled Hibernation (safe; 14% risk of failure)
Press: ? - help, Shift-Dir - straight line, f/p - orc wizard
Aim: an orc wizard, wielding a +0 dagger and wearing a +0 robe (chance to affect: 40%)
The orc wizard resists with some effort.
The orc wizard barely misses you.
Casting: Ensorcelled Hibernation (safe; 14% risk of failure)
Confirm with . or Enter, or press ? or * to list all spells.
Aiming: Ensorcelled Hibernation (safe; 14% risk of failure)
Press: ? - help, Shift-Dir - straight line, f/p - orc wizard
Aim: an orc wizard, wielding a +0 dagger and wearing a +0 robe (chance to affect: 40%)
The orc wizard resists with some effort.
The orc wizard hits you with a +0 dagger.
* * * LOW HITPOINT WARNING * * *
The orc wizard hits you with a +0 dagger.
* * * LOW HITPOINT WARNING * * *
The orc wizard casts a spell at you. The magic dart hits you!
You die...

...# # ...# ..P~P ....
# ...#
##..~~~~P.~~~P...#
...#
#.P~~~~~~~~~~~P..#
...#
##.~~≈≈≈.~~~.≈~≈~.#
...#
##.~~#~~~#≈~~#~~≈# #
...#
#~~~###.###.###.####
...#
#~...#...#...#...#..
..##
###..@................
...#
+.#......$........o...
...#
+.'ow.................
...#
###...................
...#
#....#...#...#...#..
####
##~.###.###.###.#### #
#~~.#≈≈~#≈≈~#≈~≈# # #
##~~~≈≈≈.~≈~.≈≈≈..# #
##.#~.~~~~~~~~~~~#


You could see a worm and an orc wizard.

Vanquished Creatures
  An orc wizard (D:4)
  3 gnolls (D:3)
  7 adders
  4 worms
  3 dart slugs
  An orc (D:4)
  4 ball pythons
  5 endoplasms
  4 giant cockroaches
  10 goblins
  3 hobgoblins
  4 jackals (D:2)
  6 kobolds
  3 quokkas
  12 bats
  5 frilled lizards
  5 rats
80 creatures vanquished.

Notes
Turn   | Place    | Note
-------+----------+-------------------------------------------
     0 | D:1      | melloss the Spriggan Enchanter began the quest for the Orb.
     0 | D:1      | Reached XP level 1. HP: 9/9 MP: 5/5
   431 | D:1      | Reached XP level 2. HP: 13/13 MP: 6/6
   434 | D:1      | Learned a level 2 spell: Ensorcelled Hibernation
   501 | D:1      | Reached skill level 5 in Stealth
  1330 | D:1      | Reached XP level 3. HP: 16/16 MP: 2/8
  1713 | D:2      | Reached skill level 1 in Necromancy
  1716 | D:2      | Reached skill level 1 in Polearms
  1884 | D:2      | Reached XP level 4. HP: 20/21 MP: 6/9
  3401 | D:3      | Found a faded altar of an unknown god.
  3435 | D:3      | Reached skill level 6 in Stealth
  3506 | D:3      | Reached XP level 5. HP: 18/24 MP: 2/10
  4190 | D:4      | Reached skill level 5 in Dodging
  4190 | D:4      | Reached skill level 7 in Stealth
  4254 | D:4      | HP: 1/24 [orc wizard/+0 dagger (2)]
  4256 | D:4      | Killed from afar by an orc wizard

Illustrated notes

Levels and vault maps discovered:
D:1:      dpeg_arrival_short_road, layout_basic
D:2:      layout_basic, serial_rivers, chequers_serial_rivers_large_b,
          chequers_serial_rivers_micro_e, chequers_serial_rivers_large_a,
          chequers_serial_rivers_room_a, chequers_serial_rivers_small_b,
          chequers_serial_rivers_micro_d
D:3:      layout_basic, basic_ecumenical_altar
D:4:      wad_lake_hut, layout_basic, minmay_a_box_with_orc_wizards_in_it

Skill      XL: |  1  2  3  4  5 |
---------------+----------------+-----
Dodging        | 3 4 5 |  5.0
Stealth        | 5 6 7 |  7.0
Necromancy     | 1 |  1.5
Polearms       | 1 |  1.2
Short Blades   | |  1.1
Spellcasting   | |  2.6
Hexes          | |  3.6

Action                   |  1- 3 |  4- 6 || total
-------------------------+-------+-------++-------
Melee: Dagger            |    72 |       ||    72
       Spear             |     6 |       ||     6
       Short sword       |    25 |   100 ||   125
 Cast: Ensorcelled Hiber |    22 |    41 ||    63
 Stab: Sleeping          |    22 |    30 ||    52
Armor: Robe              |    12 |     9 ||    21
Dodge: Dodged            |   102 |    85 ||   187
